Map: Jagannatha LE

Players

Serral - Winner!

  • Race: Zerg Zerg

Trap

  • Race: Protoss Protoss

Event: DreamHack SC2 Masters 2021 Fall

VOD

Have the link to the VOD?

Description

Time

  • Played on: Sept. 10, 2021, 11:26 a.m.
  • Length: 11:28

All games in this series

Show
View Real Time Build Order
Export as new Build Order

Serral Zerg - Winner!

Build Orders: Hatch First, Muta Ling Bane 

Get SALT Encoding   

  12  0:01  Drone  
  13  0:12  Overlord  
  13  0:17  Drone  
  14  0:30  Drone x2  
  16  0:45  Drone  
  17  0:53  Hatchery  
  17  0:55  Drone  
  17  0:59  Drone  
  18  1:09  Extractor  
  17  1:15  Spawning Pool  
  17  1:18  Drone  
  17  1:20  Drone  
  18  1:28  Drone  
  19  1:38  Drone  
  20  1:49  Overlord  
  20  2:01  Queen  
  20  2:05  Queen  
  20  2:06  Zergling x4  
  26  2:10  Drone  
  26  2:13  Metabolic Boost  
  27  2:17  Drone  
  27  2:21  Drone  
  29  2:27  Drone  
  30  2:37  Queen  
  32  2:45  Hatchery  
  32  2:49  Drone  
  32  2:50  Drone  
  33  2:54  Overlord  
  33  2:56  Drone  
  34  2:58  Drone  
  34  3:01  Drone  
  34  3:05  Overlord  
  36  3:15  Queen  
  36  3:16  Drone x2  
  36  3:18  Drone  
  41  3:20  Drone  
  41  3:23  Drone x2  
  41  3:26  Drone  
  44  3:31  Queen  
  46  3:35  Overlord  
  46  3:38  Drone  
  46  3:39  Drone  
  48  3:44  Roach Warren  
  47  3:49  Spore Crawler, Drone  
  47  3:52  Drone x2  
  49  3:55  Drone  
  49  3:56  Drone  
  49  4:02  Queen  
  53  4:04  Zergling x4  
  55  4:10  Zergling x4  
  55  4:14  Drone  
  55  4:15  Drone  
  55  4:16  Spore Crawler  
  58  4:18  Drone, Overlord  
  58  4:20  Drone  
  58  4:21  Drone  
  61  4:25  Spore Crawler  
  61  4:26  Drone x2  
  61  4:31  Overlord  
  61  4:33  Overlord  
  61  4:35  Zergling x6  
  64  4:40  Zergling x4  
  64  4:44  Lair  
  64  4:45  Zergling x2  
  67  4:47  Zergling x4  
  67  4:48  Zergling x2  
  70  4:53  Extractor x2  
  70  4:54  Zergling x4  
  70  4:55  Zergling x4  
  70  4:58  Overlord  
  71  5:03  Zergling x8  
  69  5:11  Zergling x8  
  71  5:20  Roach x4  
  79  5:30  Drone x3  
  79  5:33  Drone x4  
  86  5:36  Roach  
  86  5:38  Roach  
  90  5:45  Glial Reconstitution  
  90  5:48  Overlord x3  
  90  5:53  Extractor, Overlord  
  89  5:58  Drone, Evolution Chamber, Overlord  
  89  5:59  Drone  
  89  6:02  Overlord  
  90  6:09  Drone x2  
  90  6:11  Drone x5  
  97  6:16  Drone, Spire  
  96  6:22  Drone  
  96  6:23  Drone  
  96  6:25  Drone  
  99  6:32  Overlord  
  99  6:33  Drone x3  
  99  6:38  Extractor, Roach x2  
  99  6:39  Extractor  
  104  6:40  Overseer  
  104  6:44  Drone  
  105  6:47  Roach x3  
  105  6:48  Roach  
  105  6:50  Overlord  
  105  6:54  Ravager x4  
  115  6:56  Roach  
  115  6:57  Roach x2  
  122  7:03  Roach  
  122  7:04  Evolution Chamber  
  122  7:05  Evolution Chamber  
  122  7:06  Roach x5  
  125  7:16  Roach  
  125  7:17  Roach  
  125  7:19  Evolution Chamber  
  117  7:23  Roach x2  
  117  7:24  Roach x4  
  117  7:28  Roach  
  121  7:33  Roach  
  121  7:35  Roach  
  120  7:39  Roach  
  112  7:44  Queen x2  
  112  7:45  Queen  
  116  7:54  Drone  
  116  7:55  Drone x6  
  116  7:57  Spire  
  120  8:01  Drone x2  
  122  8:07  Zerg Missile Weapons Level 1  
  122  8:11  Drone x2  
  124  8:21  Drone x5  
  124  8:26  Overlord  
  129  8:30  Drone x2  
  129  8:32  Hatchery  
  129  8:33  Baneling Nest  
  129  8:34  Zerg Melee Weapons Level 1  
  129  8:40  Overlord  
  129  8:48  Zergling x6  
  132  8:52  Roach x4  
  140  9:10  Mutalisk x9  
  140  9:15  Ravager x4  
  162  9:17  Centrifical Hooks  
  162  9:21  Overlord x3  
  162  9:22  Overlord  
  162  9:28  Zerg Flyer Weapons Level 1  
  160  9:32  Zergling x4  
  160  9:36  Overlord  
  162  9:41  Baneling  
  162  9:42  Zergling x10, Baneling x3  
  166  9:50  Ravager x2  
  166  9:51  Ravager x3  
  166  9:52  Zergling x12  
  177  9:54  Baneling x2  
  177  9:55  Baneling  
  177  9:56  Baneling  
  177  9:58  Zergling x6  
  180  10:05  Baneling x5  
  178  10:07  Zergling x8  
  182  10:17  Zergling x10  
  187  10:27  Zergling x18  
  194  10:35  Zergling x2  
  195  10:39  Baneling x23  
  193  10:43  Zergling x2  
  193  10:44  Zergling x12  
  200  10:53  Baneling x9  
Show
View Real Time Build Order
Export as new Build Order

Trap Protoss 

Build Orders: 1 Gate Expand, Mass Adepts 

Get SALT Encoding   

  12  0:00  Probe  
  13  0:16  Pylon  
  13  0:17  Probe (Chrono Boost)  
  14  0:27  Probe (Chrono Boost)  
  15  0:32  Probe (Chrono Boost)  
  16  0:41  Gateway  
  16  0:44  Probe  
  17  0:50  Assimilator  
  17  0:56  Probe  
  18  1:08  Probe  
  19  1:20  Probe  
  20  1:27  Nexus  
  20  1:35  Cybernetics Core  
  20  1:39  Probe  
  21  1:46  Assimilator  
  21  1:51  Probe  
  22  1:55  Pylon  
  22  2:03  Probe  
  23  2:10  Adept (Chrono Boost)  
  25  2:15  Probe  
  25  2:19  Twilight Council  
  26  2:24  Warp Gate  
  26  2:28  Probe (Chrono Boost)  
  27  2:33  Stalker  
  29  2:38  Probe (Chrono Boost)  
  29  2:41  Probe (Chrono Boost)  
  31  2:49  Probe x2 (Chrono Boost)  
  32  2:53  Resonating Glaives (Chrono Boost)  
  32  2:54  Probe x2  
  34  3:03  Adept  
  36  3:06  Probe x2  
  38  3:14  Gateway  
  38  3:20  Probe x2  
  40  3:31  Gateway  
  40  3:32  Gateway  
  40  3:35  Probe x2  
  40  3:39  Adept  
  44  3:44  Pylon  
  45  3:48  Probe x2  
  46  4:02  Nexus  
  46  4:08  Pylon  
  46  4:18  Robotics Facility  
  46  4:27  Adept x3  
  46  4:28  Adept  
  54  4:34  Pylon  
  54  4:35  Probe x2  
  56  4:40  Shield Battery  
  56  4:48  Adept x3  
  62  4:52  Adept  
  64  5:04  Warp Prism (Chrono Boost)  
  60  5:13  Adept x3  
  60  5:14  Adept  
  66  5:16  Probe x3  
  67  5:32  Immortal (Chrono Boost)  
  67  5:35  Adept x4  
  79  5:48  Gateway x2  
  79  5:50  Pylon  
  79  5:52  Pylon  
  79  6:01  Probe  
  82  6:07  Immortal (Chrono Boost)  
  82  6:11  Pylon  
  84  6:12  Probe  
  85  6:19  Adept x3  
  85  6:20  Adept  
  85  6:22  Pylon  
  85  6:23  Pylon  
  93  6:39  Observer (Chrono Boost)  
  93  6:41  Adept x4  
  93  6:42  Adept x2  
  106  6:48  Pylon x2  
  104  7:00  Adept x4  
  112  7:01  Adept  
  112  7:02  Adept  
  116  7:09  Immortal  
  80  7:32  Adept x2  
  80  7:33  Adept x4  
  86  7:44  Probe x3  
  72  7:55  Immortal (Chrono Boost)  
  72  7:58  Probe x3  
  69  8:00  Assimilator  
  69  8:01  Assimilator  
  65  8:07  Zealot x6  
  65  8:08  Charge  
  65  8:12  Shield Battery  
  77  8:17  Probe x3  
  84  8:30  Stalker x2  
  88  8:38  Probe x3  
  88  8:39  Immortal (Chrono Boost)  
  91  8:42  Adept  
  91  8:43  Adept x3  
  91  8:46  Assimilator  
  99  8:50  Probe  
  99  8:54  Assimilator  
  100  9:00  Stargate  
  100  9:06  Stargate  
  100  9:15  Shield Battery, Immortal (Chrono Boost)  
  100  9:16  Forge  
  104  9:17  Shield Battery  
  104  9:21  Pylon  
  104  9:24  Forge  
  104  9:26  Stalker x2  
  108  9:43  Immortal (Chrono Boost)  
  112  9:45  Phoenix (Chrono Boost)  
  112  9:49  Photon Cannon  
  112  9:50  Robotics Bay  
  112  9:52  Phoenix (Chrono Boost)  
  116  10:10  Phoenix (Chrono Boost)  
  116  10:11  Phoenix (Chrono Boost)  
  119  10:14  Probe x2  
  119  10:15  Probe  
  120  10:21  Stalker x2  
  120  10:22  Stalker  
  117  10:28  Phoenix (Chrono Boost)  
  117  10:30  Phoenix (Chrono Boost)  
  119  10:39  Disruptor (Chrono Boost), Probe x3  
  122  10:55  Phoenix  
  122  10:56  Phoenix  
  126  11:00  Zealot x4  
  131  11:18  Zealot x2  

Tags
 
Add a new tag
Caveats
  • Supply blocks, unpowered buildings, or Contaminate may cause inaccurate times.
  • Supply counts are checked every 10 seconds.